 Dungeon Crawl Stone Soup version 0.16.2-12-gd0ad4c3 (webtiles) character file.

88116 faibistes the Eclecticist (level 15, -2/88 HPs)
             Began as a Deep Elf Wizard on Dec 24, 2017.
             Was the Champion of Sif Muna.
             Slain by an orc knight
             ... wielding a +0 dire flail
              (7 damage)
             ... on level 4 of the Orcish Mines.
             The game lasted 02:03:11 (38753 turns).

faibistes the Eclecticist (Deep Elf Wizard)        Turns: 38753, Time: 02:03:12

Health: -2/88      AC: 14    Str:  4    XL:     15   Next: 45%
Magic:  10/49      EV: 17    Int: 33    God:    Sif Muna [******]
Gold:   1242       SH:  0    Dex: 13    Spells: 12 memorised, 6 levels left

rFire  . . .     SeeInvis +     w - +5 dagger (venom)
rCold  . . .     Clarity  .     p - +2 robe {Archmagi}
rNeg   . . .     SustAb   .     (no shield)
rPois  .         Gourm    +     C - +2 helmet {Int+3}
rElec  +         Spirit   .     W - +1 cloak
rCorr  .         Warding  .     V - +1 pair of gloves
rMut   .         Stasis   .     E - +2 pair of boots
MR     ++...                    c - amulet of the gourmand
Stlth  ++........               Y - ring "Remawkeu" {+Fly rElec MR+ MP+9}
                                y - ring of see invisible

@: about to teleport, deflect missiles, very resistant to hostile enchantments,
unstealthy
A: mutation resistance 1
a: Channel Energy, Forget Spell, Renounce Religion, Evoke Flight


You were on level 4 of the Orcish Mines.
You worshipped Sif Muna.
Sif Muna was exalted by your worship.
You were very full.

You visited 4 branches of the dungeon, and saw 25 of its levels.

You collected 2324 gold pieces.
You spent 1082 gold pieces at shops.

Inventory:

Hand weapons
 w - a +5 dagger of venom (weapon)
Armour
 b - a +2 robe of magic resistance
 p - a +2 robe of the Archmagi (worn)
 C - a +2 helmet of intelligence (worn)
 E - a +2 pair of boots (worn)
 V - a +1 pair of gloves (worn)
 W - a +1 cloak (worn)
Jewellery
 c - an amulet of the gourmand (around neck)
 f - an uncursed ring of poison resistance
 l - an uncursed ring of ice
 y - a ring of see invisible (left hand)
 Q - an uncursed ring of wizardry
 S - an uncursed amulet of warding
 Y - the ring "Remawkeu" (right hand) {+Fly rElec MR+ MP+9}
   (You bought it in a shop on level 5 of the Dungeon)

   [ring of flight]

   It insulates you from electricity.
   It affects your resistance to hostile enchantments.
   It affects your magic capacity (+9).
   It lets you fly.
Magical devices
 a - a wand of paralysis (14)
 e - a wand of digging (8)
 n - a wand of draining (3)
 v - a wand of digging (2)
 F - a wand of disintegration (19)
 J - a wand of cold (5)
 K - a wand of paralysis (4)
 L - a wand of digging (2)
 P - a wand of disintegration (8)
Scrolls
 h - 3 scrolls of immolation
 i - a scroll of fear
 o - 2 scrolls of recharging
 s - a scroll of blinking
 u - 8 scrolls of remove curse
 B - 11 scrolls of teleportation
 D - 2 scrolls of identify
 G - a scroll of fog
 H - a scroll of magic mapping
Potions
 g - 3 potions of might
 j - 4 potions of cure mutation
 k - 2 potions of ambrosia
 m - 5 potions of curing
 q - 7 potions of brilliance
 t - a potion of cancellation
 x - 4 potions of haste
 z - a potion of restore abilities
 N - 2 potions of heal wounds
 R - 2 potions of invisibility
 U - 2 potions of magic
 X - 3 potions of resistance
Miscellaneous
 T - a lamp of fire
 Z - a stone of tremors
Comestibles
 d - 10 bread rations
 r - 3 chunks of flesh
 I - 6 meat rations


   Skills:
 + Level 7.8 Fighting
 - Level 10.0 Dodging
 - Level 2.4 Stealth
 * Level 16.3 Spellcasting
 * Level 10.4 Conjurations
 - Level 7.0 Charms
 - Level 5.4 Summonings
 - Level 7.1 Translocations
   Level 3.8 Transmutations
 * Level 10.2 Fire Magic
 - Level 6.0 Air Magic
 - Level 2.1 Poison Magic
 * Level 9.7 Invocations
 - Level 9.0 Evocations


You had 6 spell levels left.
You knew the following spells:

 Your Spells              Type           Power        Failure   Level  Hunger
a - Airstrike             Air            #######...   1%          4    None
b - Conjure Flame         Conj/Fire      #######.     1%          3    None
c - Summon Forest         Summ/Tloc      #######...   3%          5    None
d - Blink                 Tloc           N/A          1%          2    None
e - Mephitic Cloud        Conj/Pois/Air  #######.     1%          3    None
f - Deflect Missiles      Chrm/Air       #######...   17%         6    #......
g - Call Imp              Summ           #######.     1%          2    None
i - Magic Dart            Conj           ####         1%          1    None
j - Repel Missiles        Chrm/Air       ######       1%          2    None
k - Shroud of Golubria    Chrm/Tloc      #######...   1%          2    None
v - Bolt of Fire          Conj/Fire      #######...   4%          6    #......
x - Force Lance           Conj/Tloc      #######.     1%          4    None


Dungeon Overview and Level Annotations

Branches:
Dungeon (12/15)            Temple (1/1) D:7            Lair (8/8) D:11
  Swamp (0/5) Lair:5        Snake (0/5) Lair:6        Slime (0/6) Lair:8
    Orc (4/4) D:11            Elf (0/3) Orc:4

Altars:
Ashenzari
Cheibriados
Dithmenos
Elyvilon
Fedhas
Gozag
Kikubaaqudgha
Makhleb
Nemelex Xobeh
Okawaru
Qazlal
Ru
Sif Muna
Trog
Vehumet
Xom
Yredelemnul
Zin
The Shining One
Beogh

Shops:
D:4 =   D:5 =   D:8 ?   Orc:3 [

Annotations:
D:3 Edmund


Innate Abilities, Weirdness & Mutations

You are somewhat resistant to further mutation.


Message History

Casting: Force Lance
Confirm with . or Enter, or press ? or * to list all spells.
Aiming: Bolt of Fire
Press: ? - help, Shift-Dir - straight line, f/p - orc warlord
Aim: an orc warlord, wielding a war axe of distortion and wearing a plate armour (severely wounded)
You feel a surge of power!
The bolt of fire misses the orc knight.
The bolt of fire hits the orc warrior.
You kill the orc warrior!
The bolt of fire hits the orc warlord.
You kill the orc warlord!
The orc closely misses you. The orc knight closely misses you.
Read which item? (? for menu, Esc to quit)
As you read the scroll of teleportation, it crumbles to dust.
You feel strangely unstable. The orc warrior barely misses you.
The orc hits you.
* * * LOW HITPOINT WARNING * * *
The orc warrior hits you from afar with a trident!
* * * LOW HITPOINT WARNING * * *
The orc knight hits you with a dire flail!
You die...

..........# ##...##
.[........## #8.o.8# .
...........###.)oo.###..
.............##)§o##...#
.......)..#.....§....#
..............o8§8..##
..#............o)..##
.............#.ooo.#
...)............@.##
....[..........#.##
...###.>...#..####
.....###.######
..........# ###+#####.#
.#


You could see an orc knight (frenzied), 4 orc warriors, an orc wizard (frenzied)
and 3 orcs.

Vanquished Creatures
  An orc warlord (Orc:4)
  The ghost of faibistes the Thaumaturge, a powerful DEWz of Sif Muna (Lair:8)
  A fire dragon (Lair:8)
  7 hydras
  Erica (Lair:5)
  4 death yaks
  2 hill giants
  Erolcha (D:9)
  A necromancer (Lair:2)
  4 griffons
  2 orc sorcerers (Orc:4)
  2 ugly things (D:11)
  3 black mambas
  Maurice (D:9)
  24 elephants
  Joseph (D:9)
  18 spiny frogs
  2 torpor snails (Lair:4)
  4 fire drakes
  6 komodo dragons
  A dryad (Lair:5)
  A spriggan druid (Lair:4)
  A two-headed ogre (D:10)
  7 polar bears (Lair:8)
  5 trolls
  7 blink frogs
  2 raiju (Lair:8)
  Prince Ribbit (D:4)
  2 boulder beetles
  A slime creature (Lair:8)
  A basilisk (Lair:8)
  A deep elf mage (D:11)
  A wraith (D:10)
  Eustachio (D:7)
  62 yaks
  A steam dragon (Lair:8)
  6 hippogriffs
  5 hungry ghosts
  A naga (Lair:6)
  3 hell hounds (Lair:8)
  12 wargs
  12 swamp worms (Lair:7)
  23 wolves
  10 porcupines
  14 water moccasins
  14 black bears
  Purgy (D:4)
  4 sky beasts
  4 swamp drakes (Lair:8)
  9 orc warriors
  2 ice beasts
  21 crocodiles
  8 ogres
  5 phantoms
  A boring beetle (Lair:8)
  7 centaurs
  A big kobold (D:8)
  Duvessa (Orc:1)
  The ghost of faibistes the Magician, an average DEWz (D:3)
  16 giant frogs
  2 scorpions
  A troll zombie (D:11)
  10 wights
  3 electric eels (D:9)
  4 crimson imps
  A centaur zombie (D:10)
  Dowan (Orc:1)
  4 goliath beetles
  A quasit (D:8)
  26 hounds
  4 jellies (D:8)
  3 giant frog skeletons
  13 orc priests
  8 iguanas
  10 worker ants
  5 polar bear simulacra (Lair:2)
  A yak simulacrum (Lair:2)
  15 sheep
  20 orc wizards
  7 ogre zombies (D:11)
  2 wolf simulacra (Lair:2)
  A hound skeleton (D:11)
  A worker ant zombie (D:9)
  13 gnolls
  31 river rats
  26 adders
  4 shadow imps
  A giant mite (D:4)
  9 worms
  5 giant geckos
  6 oozes
  99 orcs
  7 bats
  2 bat skeletons
  4 giant cockroaches
  14 hobgoblins
  16 jackals
  14 quokkas
  A ball python (D:3)
  A giant gecko skeleton (D:6)
  9 giant newts
  A giant spore (D:10)
  25 goblins
  5 goblin skeletons
  A goblin zombie (D:11)
  A hobgoblin skeleton (D:11)
  3 hobgoblin zombies
  22 kobolds
  A kobold skeleton (D:8)
  A kobold zombie (D:8)
  5 orc skeletons
  16 orc zombies
  A quokka skeleton (D:7)
  9 rats
  3 river rat simulacra (Lair:2)
  2 snaplasher vines (Lair:7)
863 creatures vanquished.

Vanquished Creatures (collateral kills)
  6 elephants
  3 polar bears
  4 blink frogs (Lair:4)
  5 yaks
  A wolf (Lair:3)
  A hell hound (Lair:8)
  An orc warrior (Orc:2)
  2 crocodiles (Lair:4)
  An orc wizard (Orc:2)
  5 sheep (Lair:3)
  A gnoll (D:2)
  26 river rats
  A worm (D:2)
  11 orcs
  3 goblins
  A hobgoblin (Orc:1)
  3 bushes
  21 fungi
  15 plants
111 creatures vanquished.

Vanquished Creatures (others)
  A crimson imp (D:2)
  2 white imps (D:8)
  52 fungi
  45 plants
  A snaplasher vine (Lair:7)
  1441 snaplasher vine segments
1542 creatures vanquished.

Grand Total: 2516 creatures vanquished

Notes
Turn   | Place    | Note
--------------------------------------------------------------
     0 | D:1      | faibistes, the Deep Elf Wizard, began the quest for the Orb.
     0 | D:1      | Reached XP level 1. HP: 10/10 MP: 6/6
   147 | D:1      | You fall through a shaft!
   153 | D:2      | Found a sacrificial altar of Ru.
   172 | D:2      | Reached XP level 2. HP: 15/15 MP: 2/10
   212 | D:2      | Reached skill level 5 in Spellcasting
   220 | D:2      | Learned a level 2 spell: Blink
   223 | D:2      | Learned a level 2 spell: Call Imp
   450 | D:2      | Reached XP level 3. HP: 7/19 MP: 6/14
   508 | D:2      | Learned a level 3 spell: Conjure Flame
   512 | D:2      | Learned a level 3 spell: Mephitic Cloud
  1158 | D:2      | Reached XP level 4. HP: 24/24 MP: 15/17
  1375 | D:2      | Learned a level 2 spell: Repel Missiles
  2162 | D:2      | Reached skill level 6 in Spellcasting
  2534 | D:3      | Reached XP level 5. HP: 28/28 MP: 17/20
  2822 | D:4      | Noticed Edmund
  3075 | D:3      | Noticed faibistes' ghost (average DEWz)
  3094 | D:3      | Killed faibistes' ghost
  3213 | D:3      | Noticed a black bear
  3647 | D:4      | Found a sparkling altar of Nemelex Xobeh.
  3882 | D:3      | Reached skill level 7 in Spellcasting
  3882 | D:3      | Reached XP level 6. HP: 32/32 MP: 12/23
  4049 | D:4      | Noticed Prince Ribbit
  4237 | D:4      | Killed Prince Ribbit
  4237 | D:4      | Reached XP level 7. HP: 32/36 MP: 11/25
  4322 | D:5      | Entered Level 5 of the Dungeon
  4607 | D:4      | Reached skill level 8 in Spellcasting
  4679 | D:4      | Found a snail-covered altar of Cheibriados.
  4699 | D:4      | Noticed Purgy
  4712 | D:4      | Killed Purgy
  4712 | D:4      | Reached skill level 1 in Fighting
  4861 | D:4      | Found Ytausu's Jewellery Shop.
  5484 | D:8      | Reached skill level 5 in Dodging
  5497 | D:8      | Found Zeinn's Magic Scroll Shoppe.
  5512 | D:8      | Bought a scroll of teleportation for 42 gold pieces
  5533 | D:7      | Reached skill level 9 in Spellcasting
  5533 | D:7      | Reached skill level 1 in Evocations
  5533 | D:7      | Reached XP level 8. HP: 45/45 MP: 20/28
  5573 | D:7      | Noticed Eustachio
  5586 | D:7      | Killed Eustachio
  6464 | D:5      | Found Quev's Jewellery Shop.
  6473 | D:5      | Reached skill level 10 in Spellcasting
  6608 | D:5      | Found a basalt altar of Yredelemnul.
  7604 | D:6      | Noticed a yak
  7605 | D:6      | Noticed a yak
  7605 | D:6      | Noticed a yak
  7616 | D:6      | Noticed a yak
  7616 | D:6      | Noticed a yak
  7635 | D:6      | Killed a yak
  7638 | D:6      | Killed a yak
  7638 | D:6      | Reached XP level 9. HP: 52/52 MP: 18/30
  7658 | D:6      | Killed a yak
  7666 | D:6      | Killed a yak
  8053 | D:6      | Killed a yak
  8053 | D:6      | Reached skill level 11 in Spellcasting
  8713 | D:7      | Found a staircase to the Ecumenical Temple.
  8726 | Temple   | Entered the Ecumenical Temple
  9072 | D:7      | Found a burning altar of Makhleb.
  9073 | D:7      | Found a shimmering altar of Xom.
  9321 | D:7      | Reached skill level 5 in Fighting
  9360 | D:7      | Reached skill level 5 in Evocations
  9953 | D:8      | Found a glowing golden altar of the Shining One.
 10193 | D:8      | Reached skill level 12 in Spellcasting
 10796 | D:8      | Reached XP level 10. HP: 50/60 MP: 27/32
 11247 | D:10     | Entered Level 10 of the Dungeon
 11441 | D:9      | Noticed Maurice
 11464 | D:9      | Killed Maurice
 11784 | D:5      | Bought the ring "Remawkeu" {+Fly rElec MR+ MP+9} for 482 gold pieces
 12290 | D:9      | Found a deep blue altar of Sif Muna.
 12293 | D:9      | Became a worshipper of Sif Muna the Loreminder
 12415 | D:9      | Noticed Erolcha
 12437 | D:9      | Killed Erolcha
 12437 | D:9      | Reached skill level 1 in Fire Magic
 12437 | D:9      | Reached skill level 1 in Air Magic
 12689 | D:9      | Noticed Joseph
 12717 | D:9      | Killed Joseph
 12717 | D:9      | Acquired Sif Muna's first power
 12717 | D:9      | Reached skill level 1 in Poison Magic
 12982 | D:10     | Reached skill level 13 in Spellcasting
 13133 | D:10     | Reached skill level 5 in Conjurations
 13438 | D:10     | Noticed a hill giant
 13449 | D:10     | Killed a hill giant
 13567 | D:10     | Acquired Sif Muna's second power
 13567 | D:10     | Reached XP level 11. HP: 50/64 MP: 34/34
 14194 | D:11     | Noticed a hill giant
 14204 | D:11     | Killed a hill giant
 14204 | D:11     | Reached skill level 1 in Charms
 14204 | D:11     | Reached skill level 1 in Invocations
 14342 | D:11     | Noticed an elephant
 14372 | D:11     | Killed an elephant
 14731 | D:11     | Found a staircase to the Orcish Mines.
 15794 | D:11     | Found a staircase to the Lair.
 15991 | D:11     | Learned a level 4 spell: Force Lance
 16509 | Lair:1   | Entered Level 1 of the Lair of Beasts
 16570 | Lair:2   | Learned a level 5 spell: Summon Forest
 18479 | Lair:2   | Noticed a four-headed hydra
 18492 | Lair:2   | Killed a four-headed hydra
 18652 | Lair:2   | Reached skill level 5 in Translocations
 18652 | Lair:2   | Reached XP level 12. HP: 71/71 MP: 30/36
 19061 | Lair:2   | Reached skill level 5 in Fire Magic
 19848 | Lair:2   | Noticed a necromancer
 19855 | Lair:2   | Killed a necromancer
 19855 | Lair:2   | Acquired Sif Muna's third power
 20409 | D:8      | Bought a scroll of identify for 28 gold pieces
 20409 | D:8      | Bought a scroll of identify for 28 gold pieces
 20409 | D:8      | Bought a scroll of identify for 28 gold pieces
 20409 | D:8      | Bought a scroll of teleportation for 42 gold pieces
 20409 | D:8      | Bought a scroll of teleportation for 42 gold pieces
 20501 | Lair:2   | Gained mutation: You are somewhat resistant to further mutation. [potion of beneficial mutation]
 20562 | Lair:2   | Learned a level 4 spell: Alistair's Intoxication
 20837 | Lair:3   | Reached skill level 14 in Spellcasting
 21011 | Lair:3   | Reached skill level 5 in Summonings
 21213 | Lair:3   | Reached skill level 1 in Transmutations
 21226 | Lair:3   | Reached skill level 5 in Invocations
 21468 | Lair:3   | Reached skill level 5 in Charms
 21468 | Lair:3   | Reached XP level 13. HP: 74/76 MP: 37/37
 22931 | Lair:5   | Received a gift from Sif Muna
 22938 | Lair:5   | Learned a level 4 spell: Airstrike
 22945 | Lair:5   | Learned a level 6 spell: Deflect Missiles
 24981 | Lair:5   | Reached XP level 14. HP: 78/82 MP: 19/38
 25195 | Lair:5   | Found a staircase to the Swamp.
 25203 | Lair:5   | Noticed Erica
 25227 | Lair:5   | Killed Erica
 26236 | Lair:5   | Learned a level 2 spell: Shroud of Golubria
 26942 | Lair:6   | Found a staircase to the Snake Pit.
 27180 | Lair:7   | Reached skill level 15 in Spellcasting
 27188 | Lair:7   | Reached skill level 10 in Dodging
 27770 | Lair:6   | Received a gift from Sif Muna
 27811 | Lair:6   | Identified Sif Muna's Almanac of Floating Arcane Weapons (Sif Muna gifted it to you on level 6 of the Lair of Beasts)
 27820 | Lair:6   | Learned a level 6 spell: Bolt of Fire
 28383 | Lair:6   | Reached skill level 5 in Air Magic
 28722 | Lair:8   | Entered Level 8 of the Lair of Beasts
 28738 | Lair:8   | Noticed faibistes' ghost (powerful DEWz)
 28753 | Lair:8   | Killed faibistes' ghost
 31014 | Lair:8   | Found a staircase to the Slime Pits.
 31357 | Lair:8   | Reached XP level 15. HP: 77/86 MP: 19/39
 32271 | Lair:8   | Received a gift from Sif Muna
 32272 | Lair:8   | Identified Sif Muna's Collected Works on Attacks and the Escort (Sif Muna gifted it to you on level 8 of the Lair of Beasts)
 33009 | Lair:8   | Reached skill level 10 in Conjurations
 33158 | Lair:8   | Reached skill level 16 in Spellcasting
 33968 | Lair:8   | Reached skill level 10 in Fire Magic
 34719 | D:5      | Bought an uncursed amulet of the gourmand for 390 gold pieces
 34964 | Orc:1    | Entered Level 1 of the Orcish Mines
 35326 | Orc:1    | Found a roughly hewn altar of Beogh.
 35326 | Orc:1    | Noticed Duvessa
 35326 | Orc:1    | Noticed Dowan
 35777 | Orc:1    | Killed Duvessa
 35781 | Orc:1    | Killed Dowan
 36176 | Orc:4    | Entered Level 4 of the Orcish Mines
 37173 | Orc:3    | Found Gha Mila's Antique Armour Shoppe.
 37459 | Orc:3    | Found a runed door.
 38096 | Orc:3    | Found a roughly hewn altar of Beogh.
 38539 | Orc:4    | Found a staircase to the Elven Halls.
 38753 | Orc:4    | Slain by an orc knight

Action                   |  1- 3 |  4- 6 |  7- 9 | 10-12 | 13-15 || total
-------------------------+-------+-------+-------+-------+-------++-------
Melee: Unarmed           |     1 |       |       |       |       ||     1
       Dagger            |       |     5 |    81 |   333 |   364 ||   783
 Cast: Magic Dart        |    49 |   130 |   352 |   476 |    23 ||  1030
       Call Imp          |     2 |     1 |     2 |       |       ||     5
       Blink             |     1 |     4 |     5 |     5 |     3 ||    18
       Repel Missiles    |       |     1 |     2 |     1 |       ||     4
       Conjure Flame     |       |     6 |    45 |   120 |    91 ||   262
       Mephitic Cloud    |       |     4 |    28 |    53 |    45 ||   130
       Force Lance       |       |       |       |    47 |   109 ||   156
       Summon Forest     |       |       |       |     1 |    18 ||    19
       Airstrike         |       |       |       |       |   257 ||   257
       Deflect Missiles  |       |       |       |       |     1 ||     1
       Bolt of Fire      |       |       |       |       |   194 ||   194
       Shroud of Golubri |       |       |       |       |     1 ||     1
Invok: Channel Energy    |       |       |       |       |    69 ||    69
       Forget Spell      |       |       |       |       |     1 ||     1
Evoke: Wand              |       |       |       |     7 |     1 ||     8
  Use: Scroll            |       |     2 |    12 |    12 |    10 ||    36
       Potion            |       |       |     1 |     7 |     2 ||    10
 Stab: Sleeping          |       |     2 |     1 |     3 |       ||     6
       Confused          |       |       |     9 |    25 |     4 ||    38
  Eat: Chunk             |       |     9 |    20 |    31 |    75 ||   135
       Fruit             |       |       |       |     3 |     3 ||     6
       Beef jerky        |       |       |       |     1 |     1 ||     2
